 Dungeon Crawl Stone Soup version 0.30-a0-6-g7c9e10e132 (webtiles) character file.

Game seed: 7046069325681410073

1425 siradein the Cutter (level 8, -2/65 HPs)
             Began as a Vampire Fighter on Aug 23, 2022.
             Was an Initiate of Yredelemnul.
             Slain by a troll (11 damage)
             ... on level 7 of the Dungeon.
             The game lasted 00:13:03 (5237 turns).

siradein the Cutter (Vampire Fighter)               Turns: 5237, Time: 00:13:04

Health: -2/65      AC: 11    Str: 15    XL:     8   Next: 44%
Magic:  10/10      EV: 13    Int: 11    God:    Yredelemnul [......]
Gold:   325        SH:  6    Dex: 21    Spells: 7/7 levels left

rFire   . . .      SeeInvis +    a - +0 rapier
rCold   . . .      Faith    .    c - +0 buckler
rNeg    . . .      Spirit   .    r - +0 ring mail
rPois   .          Reflect  .    F - +0 helmet
rElec   .          Harm     .    z - +2 cloak {rCorr}
rCorr   +          Rampage  .    g - +0 pair of gloves
Will    .....                    s - +0 pair of boots
Stlth   +.........               (no amulet)
HPRegen 0.40/turn                l - +4 ring of evasion
MPRegen 0.12/turn                b - +6 ring of dexterity

@: healing quickly
A: alive, fangs 3, see invisible, vampiric 2
a: Exsanguinate, Renounce Religion, Recall Undead Harvest


You were on level 7 of the Dungeon.
You worshipped Yredelemnul.
Yredelemnul was noncommittal.
You visited 2 branches of the dungeon, and saw 8 of its levels.

You collected 325 gold pieces.

Inventory:

Hand Weapons
 a - a +0 rapier (weapon)
 y - a +1 short sword of protection
Missiles
 e - 3 javelins
 m - 10 poisoned darts (quivered)
Armour
 c - a +0 buckler (worn)
 g - a +0 pair of gloves (worn)
 r - a +0 ring mail (worn)
 s - a +0 pair of boots (worn)
 z - a +2 cloak of preservation (worn)
 F - a +0 helmet (worn)
Jewellery
 b - a +6 ring of dexterity (right hand)
 l - a +4 ring of evasion (left hand)
Wands
 v - a wand of iceblast (26)
 A - a wand of light (2)
 H - a wand of charming (6)
Scrolls
 h - a scroll of torment
 i - a scroll of butterflies {unknown}
 n - a scroll of noise {unknown}
 q - a scroll of silence
 u - 3 scrolls of amnesia {unknown}
 x - 7 scrolls of teleportation
 B - 2 scrolls of blinking {unknown}
 D - 3 scrolls of immolation {unknown}
 G - a scroll of enchant weapon {unknown}
Potions
 d - 2 potions of might
 f - 4 potions of brilliance
 j - 3 potions of heal wounds
 k - a potion of berserk rage {unknown}
 o - a potion of mutation {unknown}
 p - 3 potions of degeneration {unknown}
 t - a potion of haste {unknown}
 w - a potion of invisibility {unknown}
 C - 2 potions of attraction {unknown}
 E - 2 potions of lignification {unknown}


   Skills:
 + Level 6.4 Fighting
 + Level 7.2 Short Blades
 - Level 2.4 Armour
 - Level 4.0 Shields
 + Level 3.7 Invocations


You had 7 spell levels left.
You didn't know any spells.
Your spell library contained the following spells:

 Spells                   Type           Power      Damage    Failure   Level
 Summon Small Mammal      Summ           0%         N/A       65%         1
 Call Canine Familiar     Summ           0%         N/A       95%         3
 Stone Arrow              Conj/Erth      0%         3d7       95%         3
 Summon Guardian Golem    Hex/Summ       0%         N/A       95%         3
 Anguish                  Hex/Necr       0%         N/A       100%        4
 Animate Armour           Summ/Erth      0%         N/A       100%        4
 Haunt                    Necr/Summ      0%         N/A       100%        7
 Lehudib's Crystal Spear  Conj/Erth      0%         10d2      100%        8
 Borgnjor's Revivificati  Necr           Unusable   N/A       N/A         8

Dungeon Overview and Level Annotations

Branches:
Dungeon (7/15)             Temple (1/1) D:5

Altars:
Ashenzari
Dithmenos
Fedhas
Gozag
Hepliaklqana
Kikubaaqudgha
Makhleb
Nemelex Xobeh
Okawaru
Ru
Uskayaw
Wu Jian
Xom
Yredelemnul

Shops:
D:2 (   D:5 *


Innate Abilities, Weirdness & Mutations

Your natural rate of healing is accelerated.
You have razor-sharp teeth.
You have supernaturally acute eyesight. (SInv)
You are afflicted with vampirism and can become a bat while bloodless.


Message History

The troll bites your orc wizard zombie! The troll claws your orc wizard zombie.
The troll claws your orc wizard zombie!
Your orc wizard zombie is destroyed!
Your orc zombie hits the troll but does no damage.
Throw: 13 darts (poison)
Press: ? - help, Q - select action, (/) - cycle Shift-Dir - straight line, f - troll
Aim: a troll (heavily wounded, not watching you, ally target, 65% to hit)
You throw a poisoned dart. The poisoned dart hits the troll.
The troll is heavily wounded.
Your orc zombie hits the troll but does no damage.
Throw: 12 darts (poison)
Press: ? - help, Q - select action, (/) - cycle Shift-Dir - straight line, f/p - troll
Aim: a troll (heavily wounded, ally target, 65% to hit)
You throw a poisoned dart. The poisoned dart hits the troll.
The troll is heavily wounded.
Unknown command.
Throw: 11 darts (poison)
Press: ? - help, Q - select action, (/) - cycle Shift-Dir - straight line, f/p - troll
Aim: a troll (heavily wounded, ally target, 65% to hit)
You throw a poisoned dart. The poisoned dart hits the troll.
The troll is poisoned.
The troll is heavily wounded.
You puncture the troll!
The troll is severely wounded.
You block the troll's attack. The troll claws you.
* * * LOW HITPOINT WARNING * * *
The troll claws you but does no damage.
You hit the troll but do no damage.
The troll is severely wounded.
The troll closely misses you. You block the troll's attack.
The troll claws you!
* * * LOW HITPOINT WARNING * * *
Unknown command.
Unknown command.
You hit the troll.
The troll is severely wounded.
Your orc zombie hits the troll but does no damage.
The troll misses you. The troll claws you!
You die...
Yredelemnul claims you as an undead slave.

#.#####........
#?............###
#####.#...#......
##.....## ....
#))##..###..#
###..###..#..##
##.....##.....##..
#.............)...
#.....##@TZ(.....##
........####..._...##
......... #......[..#
......#..!............
..#...###..##.....##..
#....# #.# #..#..# .
#>#. #.# ..###..# #
..# ...


You could see a troll (poisoned, ally target) and a friendly orc zombie.

Vanquished Creatures
  An ice beast (D:6)
  A black bear (D:6)
  A centaur (D:6)
  An ogre (D:5)
  A phantom (D:7)
  3 necrophages
  A bullfrog (D:7)
  2 scorpions (D:5)
  A howler monkey (D:6)
  2 jellies (D:6)
  An orc priest (D:3)
  2 hounds
  A gnoll bouda (D:4)
  Crazy Yiuf (D:3)
  3 orc wizards (D:7)
  9 gnolls
  2 adders
  An ufetubus (D:4)
  2 worms
  6 dart slugs
  23 orcs
  6 ball pythons
  6 bats
  5 endoplasms
  2 giant cockroaches (D:1)
  13 goblins
  11 hobgoblins
  3 quokkas
  5 frilled lizards
  7 kobolds
  5 rats
128 creatures vanquished.

Vanquished Creatures (collateral kills)
  A phantom (D:6)
  A jelly (D:6)
2 creatures vanquished.

Vanquished Creatures (others)
  A black bear (D:6)
  A centaur zombie (D:6)
  A bullfrog zombie (D:7)
  A hound (D:6)
  An iguana (D:6)
  An ice beast zombie (D:6)
  2 hound zombies (D:6)
  3 gnolls (D:6)
  An adder (D:6)
  An adder zombie (D:6)
  2 jelly zombies (D:6)
  2 orcs (D:6)
  4 orc zombies (D:7)
  2 plants (D:5)
23 creatures vanquished.

Grand Total: 153 creatures vanquished

Notes
Turn   | Place    | Note
-------+----------+-------------------------------------------
     0 | D:1      | siradein the Vampire Fighter began the quest for the Orb.
     0 | D:1      | Reached XP level 1. HP: 17/17 MP: 1/1
   210 | D:1      | Reached XP level 2. HP: 23/23 MP: 2/2
   479 | D:1      | Gained mutation: You are afflicted with vampirism and can
                  | become a bat while bloodless. [Vampire growth]
   479 | D:1      | Reached XP level 3. HP: 26/29 MP: 3/3
   639 | D:1      | Reached skill level 3 in Short Blades
  1021 | D:2      | Got Khufu's Textbook on Blasphemous Secrets
  1326 | D:2      | Reached XP level 4. HP: 24/35 MP: 4/4
  1575 | D:2      | Found a faded altar of an unknown god.
  1620 | D:2      | Found Zodiuqun's Weapon Shop.
  2050 | D:3      | Reached XP level 5. HP: 37/42 MP: 5/5
  2174 | D:3      | Found a runed translucent door.
  2175 | D:3      | Noticed Crazy Yiuf
  2322 | D:3      | Killed Crazy Yiuf
  2509 | D:4      | Reached skill level 4 in Short Blades
  2645 | D:4      | Found a sacrificial altar of Ru.
  2648 | D:4      | Found a blossoming altar of Fedhas.
  2662 | D:4      | Found a hazy altar of Hepliaklqana.
  3169 | D:5      | Entered Level 5 of the Dungeon
  3169 | D:5      | Noticed an ogre
  3180 | D:5      | Killed an ogre
  3181 | D:5      | Reached XP level 6. HP: 49/49 MP: 6/6
  3237 | D:5      | Identified the +10 short sword "Yceng" {flame, rCorr Str+3}
  3521 | D:4      | Reached skill level 5 in Short Blades
  3677 | D:5      | Found Gozag's Platinum Reserve.
  3766 | D:5      | Found an opulent altar of Gozag.
  3831 | D:5      | Found a staircase to the Ecumenical Temple.
  3845 | Temple   | Entered the Ecumenical Temple
  3897 | Temple   | Became a worshipper of Yredelemnul the Dark
  3992 | D:5      | Reached skill level 5 in Fighting
  3992 | D:5      | Reached XP level 7. HP: 56/56 MP: 7/7
  4107 | D:6      | Reached skill level 1 in Invocations
  4238 | D:6      | Found a sparkling altar of Nemelex Xobeh.
  4268 | D:6      | Reached * piety under Yredelemnul
  4268 | D:6      | Reached skill level 6 in Short Blades
  4294 | D:6      | Found a shimmering altar of Xom.
  4396 | D:6      | Reached ** piety under Yredelemnul
  4410 | D:6      | Reached XP level 8. HP: 40/64 MP: 8/10
  5164 | D:7      | Found a shadowy altar of Dithmenos.
  5188 | D:7      | Reached skill level 7 in Short Blades
  5214 | D:7      | Noticed a troll
  5237 | D:7      | Slain by a troll

Illustrated notes

Levels and vault maps discovered:
D:1:      dpeg_arrival_radiant, layout_basic, hangedman_decor_clover_reticule
D:2:      layout_basic, serial_shops, nicolae_shop_behind_doors,
          shapermc_ecumenical_altar_notcrosses, serial_bayou_lagoon_a
D:3:      layout_rooms, uniq_crazy_yiuf_cottage
D:4:      layout_loops_ring, grunt_temple_overflow_cloverleaf
D:5:      layout_gridville, nicolae_gozag_zags_fifth_avenue,
          minmay_temple_entry_overgrown
D:6:      layout_basic, mainiacjoe_overflow_24_doors, xom_confusion_cloud,
          mainiacjoe_overflow_alcove_2
D:7:      layout_basic, nicolae_dithmenos_shadow_blocks,
          ebering_ghost_reflecting_pool, gup_ossuary_entry_pyramid
Temple:   hellmonk_temple_two_chambers

Skill      XL: |  1  2  3  4  5  6  7  8 |
---------------+-------------------------+-----
Fighting       | 3 4 5 6 |  6.4
Shields        | 3 4 |  4.0
Short Blades   | 3 4 5 6 7 |  7.2
Invocations    | 2 3 |  3.7
Armour         | |  2.4

Action                   |  1- 3 |  4- 6 |  7- 9 || total
-------------------------+-------+-------+-------++-------
Melee: Rapier            |    91 |       |   174 ||   265
       Bite              |    15 |    39 |    24 ||    78
       Scimitar          |    27 |    51 |       ||    78
       Short sword       |       |   194 |    23 ||   217
Throw: Dart              |       |     7 |     3 ||    10
  Use: Scroll            |       |     5 |     1 ||     6
 Stab: Distracted        |       |       |     5 ||     5
Armor: Scale mail        |    55 |     6 |       ||    61
       Ring mail         |       |    54 |    60 ||   114
Dodge: Dodged            |    54 |    93 |   105 ||   252
Block: Buckler           |    29 |    48 |    60 ||   137

Table legend: (Time is in decaauts)
 A = Elapsed time spent in this place.
 B = Non-inter-level travel time spent in this place.
 C = Inter-level travel time spent in this place.
 D = Time resting spent in this place.
 E = Time spent auto-exploring this place.
 F = Levels seen in this place.
 G = Mean time per level.
                   A        B        C        D        E       F      G
               +--------+--------+--------+--------+--------+-----+--------+
         Total |   5386 |   4910 |    476 |    142 |   3578 |   8 |  673.2 |
       Dungeon |   5318 |   4850 |    468 |    142 |   3537 |   7 |  759.7 |
        Temple |     67 |     59 |      8 |      0 |     41 |   1 |   67.0 |
               +--------+--------+--------+--------+--------+-----+--------+

Top non-repeatable levels by time:
     D:4: 1098 daAuts
     D:6: 1058 daAuts
     D:2: 1011 daAuts
     D:1: 973 daAuts
     D:5: 570 daAuts
     D:3: 518 daAuts
     D:7: 90 daAuts
  Temple: 67 daAuts
